 Dungeon Crawl Stone Soup version 0.31-a0-844-gdc52ec4e09 (webtiles) character file.

Game seed: 11615564083226574185

100 miscthings the Skirmisher (level 4, -1/32 HPs)
             Began as a Gnoll Wanderer on Sept 29, 2023.
             Slain by an orc
             ... wielding a +0 morningstar
              (8 damage)
             ... on level 3 of the Dungeon.
             The game lasted 00:03:31 (1626 turns).

miscthings the Skirmisher (Gnoll Wanderer)          Turns: 1626, Time: 00:03:32

Health: -1/32      AC: 10    Str: 10    XL:     4   Next: 73%
Magic:  11/11      EV:  5    Int: 11    God:
Gold:   122        SH:  0    Dex: 15    Spells: 10/13 levels left

rFire   . . .        a - +2 sling
rCold   . . .        (no shield)
rNeg    . . .        k - +0 chain mail
rPois   .            (no helmet)
rElec   .            b - +0 cloak
rCorr   .            (no gloves)
SInv    .            l - +0 pair of boots
Will    .....        (no amulet) Stlth
                     (no ring)
HPRegen 0.25/turn    (no ring)
MPRegen 0.12/turn

%: no passive effects
@: no status effects
A: fangs 1, strong nose, distributed training
a: no special abilities


You were on level 3 of the Dungeon.
You visited 1 branch of the dungeon, and saw 3 of its levels.

You collected 122 gold pieces.

Inventory:

Hand Weapons
 a - a +2 sling (weapon)
Armour
 b - a +0 cloak (worn)
 d - a +0 robe
 i - a +0 leather armour
 k - a +0 chain mail (worn)
 l - a +0 pair of boots (worn)
Jewellery
 e - a ring of ice
Scrolls
 f - a scroll of enchant weapon {unknown}
 h - 4 scrolls of identify {unknown}
 m - a scroll of fear {unknown}
 n - a scroll of torment {unknown}
 p - 2 scrolls of teleportation {unknown}
 r - a scroll of butterflies {unknown}
Potions
 c - a potion of invisibility
 g - 3 potions of degeneration {unknown}
 j - a potion of ambrosia {unknown}
 o - a potion of enlightenment {unknown}
 q - a potion of might {unknown}


   Skills:
 + Level 1.2 Fighting
 + Level 1.2 Short Blades
 + Level 1.2 Long Blades
 + Level 1.2 Axes
 + Level 1.2 Maces & Flails
 + Level 1.2 Polearms
 + Level 1.2 Staves
 + Level 8.6 Ranged Weapons
 + Level 1.2 Throwing
 + Level 1.2 Armour
 + Level 1.2 Dodging
 + Level 4.3 Stealth
 + Level 1.2 Shields
 + Level 1.2 Unarmed Combat
 + Level 5.1 Spellcasting
 + Level 3.9 Conjurations
 + Level 1.0 Hexes
 + Level 1.0 Summonings
 + Level 1.0 Necromancy
 + Level 1.0 Translocations
 + Level 1.0 Transmutations
 + Level 1.0 Fire Magic
 + Level 1.0 Ice Magic
 + Level 1.0 Air Magic
 + Level 1.0 Earth Magic
 + Level 1.0 Poison Magic
 + Level 1.4 Invocations
 + Level 1.2 Evocations
 + Level 1.1 Shapeshifting


You had 10 spell levels left.
You knew the following spells:

 Your Spells              Type           Power      Damage    Failure   Level
a - Mephitic Cloud        Conj/Pois/Air  7%         N/A       100%        3

Your spell library contained the following spells:

 Spells                   Type           Power      Damage    Failure   Level
 Magic Dart               Conj           44%        1d5       88%         1
 Searing Ray              Conj           22%        2d5       96%         2
 Momentum Strike          Conj/Tloc      16%        3d8       99%         2
 Call Imp                 Summ           10%        N/A       100%        2


Dungeon Overview and Level Annotations

Branches:
Dungeon (3/15)

Altars:
Fedhas
Hepliaklqana
Trog


Innate Abilities, Weirdness & Mutations

You have very sharp teeth.
Your uncanny sense of smell can sniff out nearby items.
Your experience applies equally to all skills.


Message History

You kill the orc!
The orc hits you but does no damage. x3
The orc hits you with a +0 morningstar.
You shoot a sling bullet. The sling bullet hits the orc.
The orc is severely wounded.
The orc hits you with a +0 dagger. The orc hits you with a +0 morningstar.
You are too injured to fight recklessly!
You are too injured to fight recklessly!
You are too injured to fight recklessly!
You are too injured to fight recklessly!
You are too injured to fight recklessly!
You are too injured to fight recklessly!
You are too injured to fight recklessly!
You are too injured to fight recklessly!
You are too injured to fight recklessly!
You are too injured to fight recklessly!
You are too injured to fight recklessly!
You are too injured to fight recklessly!
You are too injured to fight recklessly!
You are too injured to fight recklessly!
You are too injured to fight recklessly!
You are too injured to fight recklessly!
You are too injured to fight recklessly!
You are too injured to fight recklessly!
The orc hits you with a +0 dagger. The orc hits you but does no damage.
You are too injured to fight recklessly!
Fire: a) +2 sling
Press: ? - help, Q - select action Shift-Dir - straight line, f/p - orc
Aim: an orc, wielding a +0 dagger and wearing a +0 leather armour (severely wounded, 63% to hit)
You shoot a sling bullet. The sling bullet hits the orc.
You kill the orc!
The orc hits you with a +0 morningstar.
* * * LOW HITPOINT WARNING * * *
The orc closely misses you.
Fire: a) +2 sling
Press: ? - help, Q - select action Shift-Dir - straight line, f - orc
Aim: an orc, wielding a +0 morningstar (63% to hit)
You shoot a sling bullet. The sling bullet barely misses the orc.
The orc hits you with a +0 morningstar!
You die...

........... ####
########... #...
############... #...
............... #...
#....########.. ##...##
#....# #.. .....# #....#
#.+ ##.#)###....### #.#
#..).@........# #.#
#..#o.......#.# #.#
#..#.###....#.# #.# ###
##..#####....#.# #.# ..≈
..............# #.#
###≈##..######.##..######.#
...≈~......................
....≈≈..........#..######..
#≈...######..#..# ##.


You could see an orc.

Vanquished Creatures
  An adder (D:2)
  A dart slug (D:1)
  4 orcs (D:3)
  3 ball pythons (D:1)
  10 bats
  6 endoplasms
  5 giant cockroaches
  4 goblins
  8 hobgoblins
  9 jackals (D:2)
  4 quokkas
  3 frilled lizards
  6 kobolds
  6 rats
70 creatures vanquished.

Notes
Turn   | Place    | Note
-------+----------+-------------------------------------------
     0 | D:1      | miscthings the Gnoll Wanderer began the quest for the Orb.
     0 | D:1      | miscthings set off with the following items: a +2 sling, a
                  | +0 cloak, a potion of invisibility, a +0 robe; and the
                  | following spells available to memorise: Searing Ray,
                  | Momentum Strike.
     0 | D:1      | Reached XP level 1. HP: 13/13 MP: 6/6
    55 | D:1      | Reached XP level 2. HP: 19/19 MP: 7/7
   240 | D:1      | Reached XP level 3. HP: 20/25 MP: 9/9
   254 | D:1      | Reached skill level 5 in Spellcasting
   667 | D:2      | Reached skill level 1 in Invocations
   683 | D:2      | Reached skill level 1 in Fighting
   683 | D:2      | Reached skill level 1 in Short Blades
   683 | D:2      | Reached skill level 1 in Long Blades
   683 | D:2      | Reached skill level 1 in Axes
   683 | D:2      | Reached skill level 1 in Maces & Flails
   683 | D:2      | Reached skill level 1 in Polearms
   683 | D:2      | Reached skill level 1 in Staves
   683 | D:2      | Reached skill level 1 in Throwing
   683 | D:2      | Reached skill level 1 in Armour
   683 | D:2      | Reached skill level 1 in Dodging
   683 | D:2      | Reached skill level 1 in Shields
   683 | D:2      | Reached skill level 1 in Unarmed Combat
   683 | D:2      | Reached skill level 1 in Evocations
   707 | D:2      | Reached XP level 4. HP: 29/32 MP: 11/11
   788 | D:2      | Reached skill level 1 in Shapeshifting
   903 | D:2      | Learned a level 3 spell: Mephitic Cloud
  1244 | D:3      | Reached skill level 1 in Hexes
  1244 | D:3      | Reached skill level 1 in Summonings
  1244 | D:3      | Reached skill level 1 in Necromancy
  1244 | D:3      | Reached skill level 1 in Translocations
  1244 | D:3      | Reached skill level 1 in Transmutations
  1244 | D:3      | Reached skill level 1 in Fire Magic
  1244 | D:3      | Reached skill level 1 in Ice Magic
  1244 | D:3      | Reached skill level 1 in Air Magic
  1244 | D:3      | Reached skill level 1 in Earth Magic
  1244 | D:3      | Reached skill level 1 in Poison Magic
  1245 | D:3      | Found a faded altar of an unknown god.
  1317 | D:3      | Found a blossoming altar of Fedhas.
  1337 | D:3      | Found a bloodstained altar of Trog.
  1439 | D:3      | Found a hazy altar of Hepliaklqana.
  1626 | D:3      | Slain by an orc

Illustrated notes

Levels and vault maps discovered:
D:1:      dpeg_arrival_stonehenge_8_columns, layout_loops_ring,
          minmay_pentomino_s4
D:2:      layout_basic, minmay_misc_feat_chi
D:3:      layout_basic, overflow_temple_1_default, trog_wizard,
          mainiacjoe_overflow_chevrons,
          dreamdust_ecumenical_altar_angels_and_demons,
          chequers_hall_statues_wall_a, chequers_serial_rivers_small_a,
          corexii_leaking_fountain

Skill      XL: |  1  2  3  4 |
---------------+-------------+-----
Spellcasting   | 5 |  5.1
Invocations    | 1 |  1.4
Fighting       | 1 |  1.2
Short Blades   | 1 |  1.2
Long Blades    | 1 |  1.2
Axes           | 1 |  1.2
Maces & Flails | 1 |  1.2
Polearms       | 1 |  1.2
Staves         | 1 |  1.2
Throwing       | 1 |  1.2
Armour         | 1 |  1.2
Dodging        | 1 |  1.2
Shields        | 1 |  1.2
Unarmed Combat | 1 |  1.2
Evocations     | 1 |  1.2
Shapeshifting  | 1 |  1.1
Hexes          | 1 |  1.0
Summonings     | 1 |  1.0
Necromancy     | 1 |  1.0
Translocations | 1 |  1.0
Transmutations | 1 |  1.0
Fire Magic     | 1 |  1.0
Ice Magic      | 1 |  1.0
Air Magic      | 1 |  1.0
Earth Magic    | 1 |  1.0
Poison Magic   | 1 |  1.0
Ranged Weapons | |  8.6
Stealth        | |  4.3
Conjurations   | |  3.9

Action                     |  1- 3 |  4- 6 || total
---------------------------+-------+-------++-------
   Fire: Sling             |   107 |    94 ||   201
 Armour: Robe              |    11 |       ||    11
         Chain mail        |    47 |    99 ||   146
         Leather armour    |     4 |       ||     4
  Dodge: Dodged            |    15 |    29 ||    44

Table legend: (Time is in decaauts)
 A = Elapsed time spent in this place.
 B = Non-inter-level travel time spent in this place.
 C = Inter-level travel time spent in this place.
 D = Time resting spent in this place.
 E = Time spent auto-exploring this place.
 F = Levels seen in this place.
 G = Mean time per level.
                   A        B        C        D        E       F      G
               +--------+--------+--------+--------+--------+-----+--------+
         Total |   1718 |   1667 |     51 |      0 |   1210 |   3 |  572.7 |
       Dungeon |   1718 |   1667 |     51 |      0 |   1210 |   3 |  572.7 |
               +--------+--------+--------+--------+--------+-----+--------+

Top non-repeatable levels by time:
     D:1: 690 daAuts
     D:2: 547 daAuts
     D:3: 480 daAuts
